| TOP OF THE 1ST |
|
Cocoa Flyers batting - Pitching for Winter Haven Sun Sox : RHP Rafael Pimentel
|
|
Pitching: RHP Rafael Pimentel
|
|
|
Batting: RHB Danny Arroyo
|
0-0: Ball 1-0: Called Strike 1-1: Foul Ball, location: 2F 1-2: Ball 2-2: Ground out 5-3 (Groundball, 56, EV 95.0 MPH)
|
|
Batting: RHB Lorenzo Quintanilla
|
0-0: Fly out, F8 (Line Drive, 8LD, EV 96.3 MPH)
|
|
Batting: LHB Mike Jones
|
0-0: Called Strike 0-1: Ball 1-1: Ball 2-1: Ball 3-1: SOLO HOME RUN (Flyball, 9D, EV 107.5 MPH), Distance : 354 ft
|
|
Batting: LHB Gary Robertson
|
0-0: Ball 1-0: Foul Ball, location: 2F 1-1: Foul Ball, location: 2F 1-2: Foul Ball, location: 2F 1-2: Ball 2-2: Strikes out swinging
|
| Top of the 1st over - 1 run, 1 hit, 0 errors, 0 left on base; Cocoa 1 - Winter Haven 0 |
| BOTTOM OF THE 1ST |
|
Winter Haven Sun Sox batting - Pitching for Cocoa Flyers : RHP Carlos Games
|
|
Pitching: RHP Carlos Games
|
|
|
Batting: LHB Don Carter
|
0-0: Foul Ball, location: 2F 0-1: Ball 1-1: Called Strike 1-2: SINGLE (Groundball, 25, EV 69.4 MPH) (infield hit)
|
|
Batting: RHB Domingo Ramos
|
0-0: Ball Don Carter steals 2nd base 1-0: Ball 2-0: Called Strike 2-1: Foul Ball, location: 2F 2-2: SINGLE (Groundball, 6MD, EV 93.8 MPH) Don Carter to third Runner from 3rd tries for Home, SAFE, throw by CF to home
|
|
Batting: RHB Augie Schmidt
|
0-0: Ball 1-0: Ball 2-0: Ball 3-0: Called Strike 3-1: Base on Balls Domingo Ramos to second
|
|
Batting: LHB John Heller
|
0-0: Called Strike 0-1: DOUBLE (Groundball, 5L, EV 100.6 MPH) Domingo Ramos scores Augie Schmidt to third Runner from 3rd tries for Home, SAFE, throw by LF to trailing runner, SAFE at third!
|
|
Batting: RHB Michael Rupp
|
0-0: Ground out 5-3 (Groundball, 56S, EV 75.6 MPH) John Heller scores
|
|
Batting: RHB Takashi Upshur
|
0-0: Called Strike 0-1: Ball 1-1: Ball 2-1: Ball 3-1: Called Strike 3-2: Base on Balls
|
|
Batting: RHB Stephen Rhodes
|
0-0: Ball 1-0: Called Strike 1-1: Ball 2-1: Foul Ball, location: 2F 2-2: Hit by Pitch Takashi Upshur to second
|
|
Batting: RHB Tim Carroll
|
0-0: Ball 1-0: Ball 2-0: Ball 3-0: Base on Balls Takashi Upshur to third Stephen Rhodes to second
|
|
Batting: RHB Jose Marcano
|
0-0: Grounds into double play, 6-4-3 (Groundball, 6, EV 89.4 MPH)
|
| Bottom of the 1st over - 4 runs, 3 hits, 0 errors, 2 left on base; Cocoa 1 - Winter Haven 4 |
| TOP OF THE 2ND |
|
Cocoa Flyers batting - Pitching for Winter Haven Sun Sox : RHP Rafael Pimentel
|
|
Batting: RHB Larry McNutt
|
0-0: Ball 1-0: Foul Ball, location: 2F 1-1: Ball 2-1: Ball 3-1: Base on Balls
|
|
Batting: SHB Rick Lockwood
|
0-0: Ball 1-0: Ball 2-0: Called Strike 2-1: Foul Ball, location: 2F 2-2: Ball 3-2: Base on Balls Larry McNutt to second
|
|
Batting: RHB Jorge Diaz
|
0-0: Ball 1-0: Foul Ball, location: 2F 1-1: SINGLE (Groundball, 6D, EV 96.3 MPH) Larry McNutt to third Rick Lockwood to second Runner from 3rd tries for Home, SAFE, throw by LF to home
|
|
Batting: RHB David McClure
|
0-0: Ball 1-0: Ball 2-0: Called Strike 2-1: SINGLE (Groundball, 56D, EV 105.0 MPH) Rick Lockwood to third Jorge Diaz to second Runner from 3rd tries for Home, SAFE, throw by LF to home
|
|
Batting: RHB Miguel Dominguez
|
0-0: Ball 1-0: Foul Ball, location: 2F 1-1: Foul Ball, location: 2F 1-2: Strikes out swinging
|
|
Batting: RHB Danny Arroyo
|
0-0: Ball Jorge Diaz steals 3rd base David McClure to second 1-0: Foul Ball, location: 2F 1-1: Called Strike 1-2: Ball 2-2: Ball 3-2: DOUBLE (Groundball, 3L, EV 105.6 MPH) Jorge Diaz scores David McClure scores
|
|
Batting: RHB Lorenzo Quintanilla
|
0-0: Ball 1-0: Foul Ball, location: 2F 1-1: Reached on error, E5 (Groundball, 5L, EV 105.6 MPH) Danny Arroyo to third
|
|
Batting: LHB Mike Jones
|
0-0: Ball 1-0: Foul Ball, location: 2F 1-1: Foul Ball, location: 2F 1-2: Ball 2-2: Strikes out swinging
|
|
Batting: LHB Gary Robertson
|
0-0: Ball 1-0: Foul Ball, location: 2F 1-1: Called Strike 1-2: Foul Ball, location: 2F 1-2: Ball 2-2: Foul Ball, location: 2F 2-2: Fly out, F6 (Flyball, 56D, EV 82.5 MPH)
|
| Top of the 2nd over - 4 runs, 3 hits, 1 error, 2 left on base; Cocoa 5 - Winter Haven 4 |
| BOTTOM OF THE 2ND |
|
Winter Haven Sun Sox batting - Pitching for Cocoa Flyers : RHP Carlos Games
|
|
Batting: LHB Don Carter
|
0-0: Called Strike 0-1: Ball 1-1: Foul Ball, location: 2F 1-2: Ball 2-2: Fly out, F8 (Flyball, 89D, EV 94.4 MPH)
|
|
Batting: RHB Domingo Ramos
|
0-0: Ball 1-0: Ball 2-0: SINGLE (Line Drive, 56D, EV 102.5 MPH)
|
|
Batting: RHB Augie Schmidt
|
0-0: Called Strike 0-1: Called Strike 0-2: Ball 1-2: Ball 2-2: Ball 3-2: Foul Ball, location: 2F 3-2: Fly out, F9 (Flyball, 9D, EV 90.6 MPH)
|
|
Batting: LHB John Heller
|
0-0: Ball 1-0: Ball 2-0: Called Strike 2-1: Ball 3-1: SINGLE (Line Drive, 9LS, EV 103.8 MPH) Domingo Ramos to second
|
|
Batting: RHB Michael Rupp
|
0-0: Ball 1-0: Called Strike 1-1: Ground out 5-3 (Groundball, 56S, EV 68.1 MPH)
|
| Bottom of the 2nd over - 0 runs, 2 hits, 0 errors, 2 left on base; Cocoa 5 - Winter Haven 4 |
| TOP OF THE 3RD |
|
Cocoa Flyers batting - Pitching for Winter Haven Sun Sox : RHP Rafael Pimentel
|
|
Batting: RHB Larry McNutt
|
0-0: Ball 1-0: Ball 2-0: Fly out, F8 (Flyball, 8RXD, EV 91.3 MPH)
|
|
Batting: SHB Rick Lockwood
|
0-0: Fly out, F7 (Line Drive, 7D, EV 90.0 MPH)
|
|
Batting: RHB Jorge Diaz
|
0-0: Ball 1-0: Called Strike 1-1: Called Strike 1-2: Ball 2-2: Foul Ball, location: 2F 2-2: Ball 3-2: Base on Balls
|
|
Batting: RHB David McClure
|
0-0: Called Strike 0-1: Ball 1-1: Fielders Choice at 2nd, 5-4 (Groundball, 56, EV 106.9 MPH)
|
| Top of the 3rd over - 0 runs, 0 hits, 0 errors, 1 left on base; Cocoa 5 - Winter Haven 4 |
| BOTTOM OF THE 3RD |
|
Winter Haven Sun Sox batting - Pitching for Cocoa Flyers : RHP Carlos Games
|
|
Batting: RHB Takashi Upshur
|
0-0: Ball 1-0: Foul Ball, location: 2F 1-1: Called Strike 1-2: Ball 2-2: Reached on error, E4 (Groundball, 4M, EV 100.0 MPH)
|
|
Batting: RHB Stephen Rhodes
|
0-0: Ball Takashi Upshur is caught stealing 2nd base 2-4 1-0: Foul Ball, location: 2F 1-1: Called Strike 1-2: Foul Ball, location: 2F 1-2: Foul Ball, location: 2F 1-2: Foul Ball, location: 2F 1-2: Ball 2-2: Foul Ball, location: 2F 2-2: Foul Ball, location: 2F 2-2: Ball 3-2: SINGLE (Groundball, 56D, EV 85.6 MPH) (infield hit)
|
|
Batting: RHB Tim Carroll
|
0-0: Fly out, F9 (Flyball, 9S, EV 76.9 MPH)
|
|
Batting: RHB Jose Marcano
|
0-0: Called Strike 0-1: Called Strike 0-2: Foul Ball, location: 2F 0-2: Ball 1-2: Strikes out swinging
|
| Bottom of the 3rd over - 0 runs, 1 hit, 1 error, 1 left on base; Cocoa 5 - Winter Haven 4 |
| TOP OF THE 4TH |
|
Cocoa Flyers batting - Pitching for Winter Haven Sun Sox : RHP Rafael Pimentel
|
|
Batting: RHB Miguel Dominguez
|
0-0: Foul Ball, location: 2F 0-1: Fly out, F6 (Popup, 15S, EV 88.8 MPH)
|
|
Batting: RHB Danny Arroyo
|
0-0: Called Strike 0-1: Foul Ball, location: 2F 0-2: Strikes out looking
|
|
Batting: RHB Lorenzo Quintanilla
|
0-0: Foul Ball, location: 2F 0-1: SINGLE (Groundball, 56D, EV 99.4 MPH)
|
|
Batting: LHB Mike Jones
|
0-0: Called Strike 0-1: Called Strike 0-2: Ball 1-2: Reached on error, E5 (Flyball, 5D, EV 84.4 MPH) Lorenzo Quintanilla to second
|
|
Batting: LHB Gary Robertson
|
0-0: Called Strike 0-1: Called Strike 0-2: Strikes out looking
|
| Top of the 4th over - 0 runs, 1 hit, 1 error, 2 left on base; Cocoa 5 - Winter Haven 4 |
| BOTTOM OF THE 4TH |
|
Winter Haven Sun Sox batting - Pitching for Cocoa Flyers : RHP Carlos Games
|
|
Batting: LHB Don Carter
|
0-0: Ground out 3-1 (Groundball, 3D, EV 83.8 MPH)
|
|
Batting: RHB Domingo Ramos
|
0-0: Called Strike 0-1: Ball 1-1: Ground out 6-3 (Groundball, 6, EV 84.4 MPH)
|
|
Batting: RHB Augie Schmidt
|
0-0: Ball 1-0: Fly out, F5 (Popup, 5SF, EV 81.3 MPH)
|
| Bottom of the 4th over - 0 runs, 0 hits, 0 errors, 0 left on base; Cocoa 5 - Winter Haven 4 |
| TOP OF THE 5TH |
|
Cocoa Flyers batting - Pitching for Winter Haven Sun Sox : RHP Rafael Pimentel
|
|
Batting: RHB Larry McNutt
|
0-0: Ground out 5-3 (Groundball, 5, EV 103.8 MPH)
|
|
Batting: SHB Rick Lockwood
|
0-0: Ball 1-0: Ball 2-0: Swinging Strike 2-1: Foul Ball, location: 2F 2-2: Strikes out swinging
|
|
Batting: RHB Jorge Diaz
|
0-0: Ball 1-0: Called Strike 1-1: Ball 2-1: Foul Ball, location: 2F 2-2: Ball 3-2: Foul Ball, location: 2F 3-2: Base on Balls
|
|
Batting: RHB David McClure
|
0-0: Called Strike 0-1: Reached on error, E5 (Groundball, 56S, EV 91.9 MPH) Jorge Diaz to third
|
|
Batting: RHB Miguel Dominguez
|
0-0: Ball 1-0: Ball 2-0: Ball 3-0: Called Strike 3-1: Reached via error on a dropped throw from 1B, E1 (Groundball, 34, EV 101.9 MPH) Jorge Diaz scores David McClure to third
|
|
Batting: RHB Danny Arroyo
|
0-0: Ball 1-0: Swinging Strike 1-1: Swinging Strike 1-2: Ball 2-2: Foul Ball, location: 2F 2-2: Ball 3-2: Base on Balls Miguel Dominguez to second
|
|
Pitching: RHP Luis Soriano
|
|
|
Batting: RHB Lorenzo Quintanilla
|
0-0: Swinging Strike 0-1: Ball 1-1: Ball 2-1: Fly out, F7 (Line Drive, 7, EV 93.1 MPH)
|
| Top of the 5th over - 1 run, 0 hits, 2 errors, 3 left on base; Cocoa 6 - Winter Haven 4 |
| BOTTOM OF THE 5TH |
|
Winter Haven Sun Sox batting - Pitching for Cocoa Flyers : RHP Carlos Games
|
|
Batting: LHB John Heller
|
0-0: Ball 1-0: Ball 2-0: Foul Ball, location: 2F 2-1: Ground out 6-3 (Groundball, 6MS, EV 68.1 MPH)
|
|
Batting: RHB Michael Rupp
|
0-0: SINGLE (Flyball, 89S, EV 84.4 MPH)
|
|
Batting: RHB Takashi Upshur
|
0-0: Ball 1-0: Ball 2-0: SINGLE (Groundball, 6MD, EV 103.1 MPH) (infield hit) Michael Rupp to second
|
|
Batting: RHB Stephen Rhodes
|
0-0: Called Strike 0-1: Swinging Strike 0-2: Strikes out looking
|
|
Batting: RHB Tim Carroll
|
0-0: Ball 1-0: Fly out, F6 (Line Drive, 6, EV 68.1 MPH)
|
| Bottom of the 5th over - 0 runs, 2 hits, 0 errors, 2 left on base; Cocoa 6 - Winter Haven 4 |
| TOP OF THE 6TH |
|
Cocoa Flyers batting - Pitching for Winter Haven Sun Sox : RHP Luis Soriano
|
|
Batting: LHB Mike Jones
|
0-0: Ball 1-0: DOUBLE (Flyball, 8RXD, EV 90.6 MPH)
|
|
Batting: LHB Gary Robertson
|
0-0: Called Strike 0-1: Ball 1-1: Foul Ball, location: 2F 1-2: Ball 2-2: Foul Ball, location: 2F 2-2: Ball 3-2: Base on Balls
|
|
Batting: RHB Larry McNutt
|
0-0: Swinging Strike 0-1: Ball 1-1: Called Strike 1-2: Hit by Pitch Mike Jones to third Gary Robertson to second
|
|
Batting: SHB Rick Lockwood
|
0-0: Ball 1-0: Ball 2-0: Foul Ball, location: 2F 2-1: Swinging Strike 2-2: Strikes out swinging
|
|
Pitching: RHP Dave Steffen
|
|
|
Batting: RHB Jorge Diaz
|
0-0: Called Strike 0-1: Called Strike 0-2: Ball 1-2: Strikes out swinging
|
|
Batting: RHB David McClure
|
0-0: Ball 1-0: Swinging Strike 1-1: Ball 2-1: Fly out, F9 (Flyball, 9, EV 88.8 MPH)
|
| Top of the 6th over - 0 runs, 1 hit, 0 errors, 3 left on base; Cocoa 6 - Winter Haven 4 |
| BOTTOM OF THE 6TH |
|
Winter Haven Sun Sox batting - Pitching for Cocoa Flyers : RHP Carlos Games
|
|
Batting: RHB Jose Marcano
|
0-0: SINGLE (Groundball, 6MD, EV 102.5 MPH) (infield hit)
|
|
Batting: LHB Don Carter
|
0-0: Ball 1-0: Bunt missed! 1-1: Bunted foul 1-2: Ball 2-2: Ball 3-2: Base on Balls Jose Marcano to second
|
|
Batting: RHB Domingo Ramos
|
0-0: Ball 1-0: Called Strike 1-1: Grounds into double play, 4-6-3 (Groundball, 4, EV 83.8 MPH) Jose Marcano to third
|
|
Batting: RHB Augie Schmidt
|
0-0: Called Strike 0-1: Ground out 6-3 (Groundball, 6, EV 101.3 MPH)
|
| Bottom of the 6th over - 0 runs, 1 hit, 0 errors, 1 left on base; Cocoa 6 - Winter Haven 4 |
| TOP OF THE 7TH |
|
Cocoa Flyers batting - Pitching for Winter Haven Sun Sox : RHP Dave Steffen
|
|
Batting: RHB Miguel Dominguez
|
0-0: Called Strike 0-1: Fly out, F9 (Line Drive, 9, EV 89.4 MPH)
|
|
Batting: RHB Danny Arroyo
|
0-0: Fly out, F7 (Flyball, 7LS, EV 86.3 MPH)
|
|
Batting: RHB Lorenzo Quintanilla
|
0-0: Ball 1-0: Swinging Strike 1-1: Ground out 6-3 (Groundball, 4M, EV 101.9 MPH)
|
| Top of the 7th over - 0 runs, 0 hits, 0 errors, 0 left on base; Cocoa 6 - Winter Haven 4 |
| BOTTOM OF THE 7TH |
|
Winter Haven Sun Sox batting - Pitching for Cocoa Flyers : RHP Carlos Games
|
|
Batting: LHB John Heller
|
0-0: Ball 1-0: Called Strike 1-1: Ground out 4-3 (Groundball, 4S, EV 91.3 MPH)
|
|
Batting: RHB Michael Rupp
|
0-0: Fly out, F4 (Popup, 34D, EV 71.9 MPH)
|
|
Batting: RHB Takashi Upshur
|
0-0: Foul Ball, location: 2F 0-1: Called Strike 0-2: SINGLE (Groundball, 56D, EV 95.0 MPH)
|
|
Batting: RHB Stephen Rhodes
|
0-0: Called Strike 0-1: Ball 1-1: Foul Ball, location: 2F 1-2: Ball 2-2: Strikes out swinging
|
| Bottom of the 7th over - 0 runs, 1 hit, 0 errors, 1 left on base; Cocoa 6 - Winter Haven 4 |
| TOP OF THE 8TH |
|
Cocoa Flyers batting - Pitching for Winter Haven Sun Sox : RHP Dave Steffen
|
|
Batting: LHB Mike Jones
|
0-0: Called Strike 0-1: Foul Ball, location: 2F 0-2: Ball 1-2: Ball 2-2: Ball 3-2: SINGLE (Groundball, 34D, EV 100.0 MPH)
|
|
Batting: LHB Gary Robertson
|
0-0: Ball 1-0: Swinging Strike 1-1: Ball 2-1: Foul Ball, location: 2F 2-2: Ball 3-2: SINGLE (Line Drive, 9LS, EV 110.6 MPH) Mike Jones to second Mike Jones to third
|
|
Batting: RHB Larry McNutt
|
0-0: Called Strike 0-1: Ball 1-1: 3-RUN HOME RUN (Flyball, 78XD, EV 88.8 MPH), Distance : 421 ft
|
|
Batting: SHB Rick Lockwood
|
0-0: Foul Ball, location: 2F 0-1: Ball 1-1: Swinging Strike 1-2: SINGLE (Groundball, 34D, EV 99.4 MPH)
|
|
Pitching: RHP Tony Vila
|
|
|
Batting: RHB Jorge Diaz
|
0-0: Called Strike 0-1: Foul Ball, location: 2F 0-2: Strikes out swinging
|
|
Batting: RHB David McClure
|
0-0: Ball 1-0: Called Strike Rick Lockwood steals 2nd base 1-1: Fly out, F9 (Flyball, 89M, EV 93.8 MPH) Runner from 2nd tags up, SAFE at 3rd with throw by RF
|
|
Batting: RHB Miguel Dominguez
|
0-0: Foul Ball, location: 2F 0-1: Ball 1-1: Foul Ball, location: 2F 1-2: SINGLE (Line Drive, 8RS, EV 111.3 MPH) Rick Lockwood scores
|
|
Batting: RHB Danny Arroyo
|
0-0: Called Strike 0-1: Swinging Strike 0-2: Ball 1-2: Fly out, F9 (Flyball, 9S, EV 88.8 MPH)
|
| Top of the 8th over - 4 runs, 5 hits, 0 errors, 1 left on base; Cocoa 10 - Winter Haven 4 |
| BOTTOM OF THE 8TH |
|
Winter Haven Sun Sox batting - Pitching for Cocoa Flyers : RHP Carlos Games
|
|
Batting: RHB Tim Carroll
|
0-0: Swinging Strike 0-1: Ball 1-1: Fly out, F8 (Flyball, 8RD, EV 102.5 MPH)
|
|
Batting: RHB Jose Marcano
|
0-0: Ball 1-0: Called Strike 1-1: Ball 2-1: Fly out, F7 (Flyball, 7, EV 91.9 MPH)
|
|
Batting: LHB Don Carter
|
0-0: Called Strike 0-1: Fly out, F7 (Flyball, 78S, EV 97.5 MPH)
|
| Bottom of the 8th over - 0 runs, 0 hits, 0 errors, 0 left on base; Cocoa 10 - Winter Haven 4 |
| TOP OF THE 9TH |
|
Cocoa Flyers batting - Pitching for Winter Haven Sun Sox : RHP Tony Vila
|
|
Batting: RHB Lorenzo Quintanilla
|
0-0: Ball 1-0: Ground out 4-3 (Groundball, 4D, EV 103.8 MPH)
|
|
Batting: LHB Mike Jones
|
0-0: Swinging Strike 0-1: Ball 1-1: Called Strike 1-2: Ball 2-2: Fly out, F7 (Flyball, 78XD, EV 85.6 MPH)
|
|
Batting: LHB Gary Robertson
|
0-0: Ball 1-0: Ball 2-0: Foul Ball, location: 2F 2-1: Fly out, F8 (Flyball, 89D, EV 90.0 MPH)
|
| Top of the 9th over - 0 runs, 0 hits, 0 errors, 0 left on base; Cocoa 10 - Winter Haven 4 |
| BOTTOM OF THE 9TH |
|
Winter Haven Sun Sox batting - Pitching for Cocoa Flyers : RHP Carlos Games
|
|
Batting: RHB Domingo Ramos
|
0-0: Called Strike 0-1: Ball 1-1: Ball 2-1: Ground out 5-3 (Groundball, 56S, EV 83.1 MPH)
|
|
Batting: RHB Augie Schmidt
|
0-0: Foul Ball, location: 2F 0-1: Ball 1-1: Ball 2-1: Foul Ball, location: 2F 2-2: Ball 3-2: Foul Ball, location: 2F 3-2: Foul Ball, location: 2F 3-2: Foul Ball, location: 2F 3-2: Ground out 1-3 (Groundball, 34S, EV 66.9 MPH)
|
|
Batting: LHB John Heller
|
0-0: Foul Ball, location: 2F 0-1: Swinging Strike 0-2: Ball 1-2: Strikes out swinging
|
| Bottom of the 9th over - 0 runs, 0 hits, 0 errors, 0 left on base; Cocoa 10 - Winter Haven 4 |
|